 Dungeon Crawl Stone Soup version 0.26-a0-651-gb41185065b (webtiles) character file.

Game seed: 3121497984046922157

241 Irenicus the Geomancer (level 5, 42/42 HPs)
             Began as a Deep Dwarf Earth Elementalist on Oct 24, 2020.
             Quit the game in a sewer.
             The game lasted 00:09:24 (1411 turns).

Irenicus the Geomancer (DDEE)                       Turns: 1411, Time: 00:09:24

Health: 42/42      AC:  9    Str: 10 (13) XL:     5   Next: 80%
Magic:  6/6        EV: 10    Int: 14 (17) God:
Gold:   164        SH:  0    Dex: 12 (13) Spells: 4/7 levels left

rFire    + . .     SeeInvis .   e - +1 short sword
rCold    + . .     Faith    .   (no shield)
rNeg     . . .     Spirit   .   a - +3 ring mail {rF+}
rPois    .         Reflect  .   (no helmet)
rElec    .         Harm     .   s - +0 cloak
rCorr    .         Rampage  .   (no gloves)
MR       .....     Rnd*Tele +   (no boots)
Stlth    +.........             (no amulet)
HPRegen  0.00/turn              k - ring of teleportation
MPRegen  0.10/turn              u - ring of flight {+Fly, !d}

@: non-regenerating
A: damage resistance, heal wounds, cold resistance 1, deterioration 1, sense
surroundings 1, strong 1, no regeneration
a: Heal Wounds, Evoke Flight


You were in a sewer.
You visited 1 branch of the dungeon, and saw 4 of its levels.
You also visited: Sewer.

You collected 164 gold pieces.

Inventory:

Hand Weapons
 e - a +1 short sword (weapon)
   (You took it off a kobold on level 1 of the Dungeon)
Missiles
 b - 53 stones (quivered)
 w - 6 curare-tipped darts
Armour
 a - a +3 ring mail of fire resistance (worn)
   (You found it on level 1 of the Dungeon)
 m - a +0 buckler
   (You found it on level 2 of the Dungeon)
 s - a +0 cloak (worn)
   (You found it on level 3 of the Dungeon)
Jewellery
 k - a ring of teleportation (left hand)
   (You found it on level 2 of the Dungeon)
 t - an uncursed ring of resist corrosion
   (You found it on level 3 of the Dungeon)
 u - a ring of flight (right hand) {+Fly, !d}
   (You found it on level 3 of the Dungeon)
Scrolls
 c - 2 scrolls of remove curse
 d - a scroll of magic mapping {!r}
 f - a scroll of identify
 g - a scroll of teleportation
 j - 2 scrolls of amnesia
Potions
 i - 2 potions of stabbing
 l - 2 potions of heal wounds
 p - 3 potions of mutation {!q}


   Skills:
 - Level 2.1 Dodging
 - Level 2.4 Stealth
 - Level 1.7 Spellcasting
 - Level 0.8 Transmutations
 + Level 8.7 Earth Magic


You had 4 spell levels left.
You knew the following spells:

 Your Spells              Type           Power        Failure   Level
a - Sandblast             Erth           ####..       1%          1
w - Passwall              Tmut/Erth      ##......     13%         2

Your spell library contained the following spells:

 Spells                   Type           Power        Failure   Level
 Stone Arrow              Conj/Erth      ##....       32%         3
 Petrify                  Tmut/Erth      ##......     65%         4
 Lee's Rapid Deconstruct  Erth           ####......   43%         5


Dungeon Overview and Level Annotations

Branches:
Dungeon (4/15)              Sewer (1/1)
 Temple: D:4-7

Altars:
Fedhas
Zin


Innate Abilities, Weirdness & Mutations

You are resistant to damage.
You can heal yourself by infusing magical energy.
You passively map a small area around you.
You do not regenerate.
Your flesh is cold resistant. (rC+)
Your body sometimes deteriorates upon taking damage.
Your muscles are strong. (Str +2)


Message History

As you read the scroll labeled BEFOSHRUIM, it crumbles to dust.
You hear the ringing of an enormous bell.
It was a scroll of random uselessness.
As you read the scroll labeled QAUTORAQYS, it crumbles to dust.
It is a scroll of amnesia.
Really abort (and waste the scroll)?
Okay, then.
What are your orders? t - Shout!
Orders for allies: a - Attack new target. r - Retreat! s - Stop attacking. g - Guard the area. f - Follow me.
Anything else - Cancel.
Okay, then.
As you read the scroll labeled DAENUUQETHRA, it crumbles to dust.
It is a scroll of enchant armour.
Your +2 ring mail of fire resistance glows green for a moment.
As you read the scroll labeled GIESE USALIRR, it crumbles to dust.
You feel strangely unstable.
It was a scroll of teleportation.
Okay, then.
h - a scroll labeled EDIREHOD OCLENWI
Okay, then.
Your surroundings suddenly seem different.
As you read the scroll labeled EDIREHOD OCLENWI, it crumbles to dust.
Wisps of shadow whirl around you...
It was a scroll of summoning.
What are your orders? t - Shout!
Orders for allies: a - Attack new target. r - Retreat! s - Stop attacking. g - Guard the area. f - Follow me.
Anything else - Cancel.
Retreat in which direction?
Press: ? - help, Dir - move target cursor, f - you
Okay, then.
As you read the scroll labeled HEGOESK URAOMN, it crumbles to dust.
You feel aware of your surroundings.
It was a scroll of magic mapping.
As you read the scroll labeled NADEPI PAHOXESCH, it crumbles to dust.
You feel as if something is helping you.
It was a scroll of remove curse.
As you read the scroll labeled QEOQEX XISEILE, it crumbles to dust.
It is a scroll of enchant weapon.
Your +0 short sword glows red for a moment.
Blink to where?
Press: ? - help, Dir - move target cursor, f - you Are you sure you want to cancel this blink?
Okay, then.
As you read the scroll labeled VIUGGA HUQU, it crumbles to dust.
It was a scroll of blinking.
As you read the scroll labeled VOAJIPR YFFUB, it crumbles to dust.
It is a scroll of identify.
i - 2 potions of stabbing
Okay, then.
It was a potion of magic.
Magic courses through your body.
MP restored: 6 It was a potion of heal wounds.
You feel much better.
Health restored: 42 It was a potion of ambrosia.
You are confused.
You feel invigorated.
Are you sure you want to stumble around while confused and next to your frilled lizard? [Y]es or [N]o only, please.
Are you sure you want to stumble around while confused and next to your frilled lizard? [Y]es or [N]o only, please.
Are you sure you want to stumble around while confused and next to your frilled lizard? [Y]es or [N]o only, please.
Are you sure you want to stumble around while confused and next to your frilled lizard? [Y]es or [N]o only, please.
Are you sure you want to stumble around while confused and next to your frilled lizard? [Y]es or [N]o only, please.
Are you sure you want to stumble around while confused and next to your frilled lizard?
You bump into the stone wall.
Are you sure you want to stumble around while confused and next to your frilled lizard? [Y]es or [N]o only, please.
Are you sure you want to stumble around while confused and next to your frilled lizard? [Y]es or [N]o only, please.
Are you sure you want to stumble around while confused and next to your frilled lizard? [Y]es or [N]o only, please.
Are you sure you want to stumble around while confused and next to your frilled lizard?
Okay, then.
You start waiting.
You feel less invigorated.
You feel less confused.
You swap places.
There is an empty arch of ancient stone here.
You see here a cursed +0 dagger.
You enter the shallow water.
Moving in this stuff is going to be slow.
You enter the shallow water.
Moving in this stuff is going to be slow.
Your ooze dissolves into shadows!
You enter the shallow water.
Moving in this stuff is going to be slow.
Your frilled lizard dissolves into shadows!
Your frilled lizard dissolves into shadows!
Your bat dissolves into shadows!
You enter the shallow water.
Moving in this stuff is going to be slow.
c - 2 scrolls of remove curse (gained 1)
Okay, then.
Are you sure you want to abandon this character and quit the game? (Confirm with "yes".)

#########
#(.#.#@)#
#?.#≈#≈[#
###...###
##.≈.##
#....≈#
##†.≈..##
#...#...#
*#..###..##
#..≈# #.≈.#


There were no monsters in sight!

Vanquished Creatures
  A crocodile (Sewer)
  10 adders
  An adder skeleton (D:4)
  2 dart slugs
  A leopard gecko (D:1)
  4 orcs (D:3)
  8 bats
  A giant cockroach (D:1)
  5 goblins
  4 hobgoblins
  6 jackals
  11 kobolds
  A ball python (D:1)
  6 frilled lizards
  10 rats
71 creatures vanquished.

Notes
Turn   | Place    | Note
-------+----------+-------------------------------------------
     0 | D:1      | Irenicus the Deep Dwarf Earth Elementalist began the quest
                  | for the Orb.
     0 | D:1      | Reached XP level 1. HP: 15/15 MP: 3/3
   205 | D:1      | Reached XP level 2. HP: 20/22 MP: 0/4
   258 | D:1      | Reached skill level 5 in Earth Magic
   408 | D:1      | Reached XP level 3. HP: 19/28 MP: 0/5
   468 | D:1      | Found a blossoming altar of Fedhas.
   611 | D:2      | Reached skill level 6 in Earth Magic
   681 | D:2      | Reached XP level 4. HP: 25/36 MP: 3/6
   740 | D:2      | Reached skill level 7 in Earth Magic
   813 | D:3      | Found a glowing silver altar of Zin.
   822 | D:3      | Learned a level 2 spell: Passwall
   926 | D:3      | You fall into a shaft and drop 1 floor!
  1048 | D:3      | Reached XP level 5. HP: 28/42 MP: 5/7
  1270 | D:3      | Found a glowing drain.
  1279 | Sewer    | Entered a sewer
  1334 | Sewer    | Noticed a crocodile
  1346 | Sewer    | HP: 1/42 [crocodile (10)]
  1347 | Sewer    | Gained mutation: Your body sometimes deteriorates upon
                  | taking damage. [potion of mutation]
  1347 | Sewer    | Gained mutation: Your muscles are strong. (Str +2) [potion
                  | of mutation]
  1347 | Sewer    | Gained mutation: Your flesh is cold resistant. (rC+)
                  | [potion of mutation]
  1349 | Sewer    | Killed a crocodile
  1349 | Sewer    | Reached skill level 8 in Earth Magic
  1411 | Sewer    | Quit the game

Illustrated notes

Levels and vault maps discovered:
D:1:      evilmike_arrival_rings, layout_rooms, kennysheep_pointless_box,
          kennysheep_flooded_box, wad_floor_pattern_untrapped,
          minmay_tetromino_t4
D:2:      layout_rooms, minmay_misc_feat_hallway
D:3:      layout_basic, marbit_many_paths, cheibrodos_sewer_entry_bend,
          hangedman_decor_riveting
D:4:      layout_loops_ring, minitemple, serial_shops, shop, dk_vineyard_3
Sewer:    sewer_the_crocodile

Skill      XL: |  1  2  3  4  5 |
---------------+----------------+-----
Earth Magic    | 5 6 7 8 |  8.7
Dodging        | |  2.1
Stealth        | |  2.4
Spellcasting   | |  1.7
Transmutations | |  0.8

Action                   |  1- 3 |  4- 6 || total
-------------------------+-------+-------++-------
Melee: Unarmed           |     5 |       ||     5
       Short sword       |    35 |    11 ||    46
 Cast: Sandblast         |    38 |    46 ||    84
       Passwall          |       |     5 ||     5
 Abil: Heal Wounds       |       |     1 ||     1
  Use: Scroll            |       |    10 ||    10
       Potion            |       |     5 ||     5
Armor: Ring mail         |    19 |    16 ||    35
Dodge: Dodged            |    51 |    22 ||    73

Table legend: (Time is in decaauts)
 A = Elapsed time spent in this place.
 B = Non-inter-level travel time spent in this place.
 C = Inter-level travel time spent in this place.
 D = Time resting spent in this place.
 E = Time spent auto-exploring this place.
 F = Levels seen in this place.
 G = Mean time per level.
                   A        B        C        D        E       F      G
               +--------+--------+--------+--------+--------+-----+--------+
         Total |   1421 |   1402 |     19 |      6 |      0 |   5 |  284.2 |
       Dungeon |   1280 |   1261 |     19 |      0 |      0 |   4 |  320.0 |
         Sewer |    140 |    140 |      0 |      6 |      0 |   1 |  140.0 |
               +--------+--------+--------+--------+--------+-----+--------+

Top non-repeatable levels by time:
     D:1: 511 daAuts
     D:3: 479 daAuts
     D:2: 260 daAuts
   Sewer: 140 daAuts
     D:4: 28 daAuts

Table legend:
 A = Kills in this place as a percentage of kills in entire the game.
 B = Kills by you in this place as a percentage of kills by you in the entire game.
 C = Kills by friends in this place as a percentage of kills by friends in the entire game.
 D = Other kills in this place as a percentage of other kills in the entire game.
 E = Experience gained in this place as a percentage of experience gained in the entire game.
 F = Experience gained in this place divided by the number of levels of this place that you have seen.
                   A       B       C       D       E      F
               +-------+-------+-------+-------+-------+----------------------
         Total | 100.0 | 100.0 |   N/A |   N/A | 100.0 |  69.0
       Dungeon |  91.5 |  91.5 |   N/A |   N/A |  67.0 |  57.8
         Sewer |   8.5 |   8.5 |   N/A |   N/A |  33.0 | 114.0
               +-------+-------+-------+-------+-------+----------------------
